 Dungeon Crawl Stone Soup version 0.28.0-47-ge53b351184 (webtiles) character file.

Game seed: 3631032674550438215

348 Zeld the Gusty (level 6, -5/36 HPs)
             Began as a Tengu Air Elementalist on Apr 28, 2022.
             Slain by an ogre
             ... wielding a +0 giant club
              (17 damage)
             ... on level 4 of the Dungeon.
             The game lasted 00:06:05 (4266 turns).

Zeld the Gusty (Tengu Air Elementalist)             Turns: 4266, Time: 00:06:06

Health: -5/36      AC:  2    Str:  8    XL:     6   Next: 60%
Magic:  2/11       EV: 15    Int: 18    God:
Gold:   112        SH:  0    Dex: 14    Spells: 1/11 levels left

rFire   . . .      SeeInvis .   (no weapon)
rCold   . . .      Faith    .   (no shield)
rNeg    . . .      Spirit   .   a - +0 robe
rPois   .          Reflect  .   (helmet restricted)
rElec   .          Harm     .   (no cloak)
rCorr   .          Rampage  .   (no gloves)
Will    .....                   (boots unavailable)
Stlth   ++........              (no amulet)
HPRegen 0.12/turn               (no ring)
MPRegen 0.12/turn               (no ring)

@: flying quickly and evasively, slowed, very slow
A: beak, talons 3, nimble flight
a: no special abilities


You were on level 4 of the Dungeon.
You visited 1 branch of the dungeon, and saw 4 of its levels.

You collected 112 gold pieces.

Inventory:

Armour
 a - a +0 robe (worn)
Wands
 i - a wand of acid (4)
Scrolls
 b - a scroll of identify {unknown}
 c - a scroll of enchant armour {unknown}
 d - a scroll of fog {unknown}
 e - a scroll of enchant weapon {unknown}
Potions
 f - 2 potions of might {unknown}
 g - a potion of heal wounds {unknown}
 h - a potion of curing {unknown}
 j - a potion of magic {unknown}


   Skills:
 * Level 2.6 Fighting
 + Level 1.7 Armour
 + Level 3.1 Dodging
 + Level 2.8 Stealth
 * Level 3.2 Spellcasting
 + Level 2.8 Conjurations
 * Level 5.5 Air Magic


You had one spell level left.
You knew the following spells:

 Your Spells              Type           Power      Damage    Failure   Level
a - Shock                 Conj/Air       72%        1d7       2%          1
b - Static Discharge      Conj/Air       18%        N/A       4%          2
c - Swiftness             Air            23%        N/A       4%          3
d - Airstrike             Air            11%        N/A       16%         4

Your spell library contained the following spells:

 Spells                   Type           Power      Damage    Failure   Level
 Conjure Flame            Conj/Fire      8%         6-21      26%         3
 Ignite Poison            Fire/Tmut/Pois 2%         N/A       43%         3
 Sticky Flame             Conj/Fire      8%         2d3       65%         4


Dungeon Overview and Level Annotations

Branches:
Dungeon (4/15)
 Temple: D:4-7

Altars:
Dithmenos
Fedhas
Trog

Annotations:
D:4 exclusion: water moccasin, Blork the orc


Innate Abilities, Weirdness & Mutations

You have a beak for a mouth.
You have claws for feet.
Your magical nature lets you fly swiftly and evasively.


Message History

Confirm with . or Enter, or press ? or * to list all spells.
Aiming: Shock (safe; 3% risk of failure)
Press: ? - help, Shift-Dir - straight line, f - Natasha
Aim: Natasha (64% to hit)
The zap hits Natasha.
Natasha is heavily wounded.
The ogre hits you with a +0 giant club! Natasha barely misses you.
Unknown command.
Natasha closely misses you. Natasha casts a spell at you.
You feel yourself slow down.
Natasha howls an incantation.
Natasha glows brightly for a moment.
Natasha casts a spell.
The ogre misses you.
Okay, then.
Natasha casts a spell.
The ogre completely misses you.
There is a stone staircase leading up, spattered with blood here.
Natasha casts a spell at you. The magic dart hits you!
Natasha wildly gestures.
Natasha shimmers violently.
Aiming: Corrosive Bolt
Press: ? - help, Shift-Dir - straight line, p - Natasha The bolt of acid hits the ogre!
The acid corrodes the ogre!
The ogre is heavily wounded.
The bolt of acid hits Natasha!
You kill Natasha!
Natasha yowls pathetically as she dies!
The iron imp disappears in a puff of smoke!
The ogre closely misses you.
Unknown command.
Aiming: Corrosive Bolt
Press: ? - help, Shift-Dir - straight line The bolt of acid hits the ogre!
The ogre seems to be corroded for longer.
The ogre is almost dead.
The ogre hits you with a +0 giant club!
You die...

...........#..
.........###)#
##.........##.#####
#..........5...r...
#.........#...####.
#.........#5###
#.........#§#
#...........#
#....@O†.###
##.....#.#
####....# .....##
......# ........#
......!.# ........#


You could see an ogre (corroded).

Vanquished Creatures
  An ogre (D:4)
  Natasha (twice) (D:4)
  An iguana (D:4)
  Robin (D:4)
  7 gnolls
  3 adders
  An adder skeleton (D:4)
  2 dart slugs
  An orc (D:3)
  5 bats
  5 endoplasms
  4 giant cockroaches
  14 goblins
  8 hobgoblins
  6 jackals
  4 kobolds
  4 ball pythons
  6 frilled lizards
  3 rats
78 creatures vanquished.

Notes
Turn   | Place    | Note
-------+----------+-------------------------------------------
     0 | D:1      | Zeld the Tengu Air Elementalist began the quest for the
                  | Orb.
     0 | D:1      | Reached XP level 1. HP: 10/10 MP: 4/4
   194 | D:1      | Reached XP level 2. HP: 16/16 MP: 1/6
   197 | D:1      | Learned a level 2 spell: Static Discharge
  1105 | D:2      | Reached XP level 3. HP: 20/20 MP: 3/7
  1109 | D:2      | Learned a level 3 spell: Swiftness
  1251 | D:2      | Reached skill level 1 in Fighting
  1296 | D:2      | Reached skill level 1 in Armour
  1379 | D:2      | Reached XP level 4. HP: 25/25 MP: 5/8
  1824 | D:2      | You fall into a shaft and drop 1 floor!
  1824 | D:3      | Found a blossoming altar of Fedhas.
  1824 | D:3      | Found a shadowy altar of Dithmenos.
  2085 | D:3      | Found a bloodstained altar of Trog.
  2695 | D:3      | Gained mutation: Your magical nature lets you fly swiftly
                  | and evasively. [Tengu growth]
  2695 | D:3      | Reached XP level 5. HP: 30/30 MP: 3/9
  2753 | D:3      | Reached skill level 5 in Air Magic
  3477 | D:4      | Noticed a water moccasin
  3485 | D:4      | Noticed an ogre
  3493 | D:4      | Killed an ogre
  3494 | D:4      | Reached XP level 6. HP: 36/36 MP: 5/11
  3503 | D:4      | Learned a level 4 spell: Airstrike
  3551 | D:4      | Noticed Blork the orc
  3787 | D:4      | Noticed Robin
  3916 | D:4      | Killed Robin
  4132 | D:4      | Noticed Natasha
  4222 | D:4      | Killed Natasha
  4235 | D:4      | Noticed Natasha
  4265 | D:4      | Killed Natasha
  4266 | D:4      | Slain by an ogre

Illustrated notes

Levels and vault maps discovered:
D:1:      nzn_arrival_crosshair, layout_basic
D:2:      layout_rooms, kennysheep_crisscross, minmay_unequal
D:3:      layout_loops_ring, trog_three_pillars_becter,
          mainiacjoe_overflow_catch_the_wave
D:4:      layout_rooms, uniq_robin, uniq_blork_the_orc, uniq_natasha

Skill      XL: |  1  2  3  4  5 |
---------------+----------------+-----
Fighting       | 1 2 |  2.6
Armour         | 1 |  1.7
Conjurations   | 2 |  2.8
Air Magic      | 5 |  5.5
Dodging        | 3 |  3.1
Spellcasting   | 3 |  3.2
Stealth        | |  2.8

Action                   |  1- 3 |  4- 6 || total
-------------------------+-------+-------++-------
Melee: Unarmed           |    12 |     8 ||    20
       Kick              |     3 |       ||     3
       Peck              |     2 |     2 ||     4
 Cast: Shock             |    44 |   126 ||   170
       Airstrike         |       |     4 ||     4
Evoke: Wand              |       |     2 ||     2
Armor: Robe              |     2 |     8 ||    10
Dodge: Dodged            |    19 |    36 ||    55
